[Event "Titled Tuesday Blitz February 21 Late 2023"]
[White "Przybylski, Wojciech"]
[Black "Gatterer, Florian"]
[WhiteFideId "1117599"]
[BlackFideId "811688"]
[WhiteElo "2321"]
[BlackElo "2170"]
[Result "1-0"]
[Round "09"]
[TimeControl "180+2"]
[Date "2023.02.21"]
[WhiteClock "0:00:07"]
[BlackClock "0:00:10"]

1. e4 c6 2. d4 d5 3. e5 Bf5 4. c4 e6 5. Nc3 Ne7 6. a3 dxc4 7. Bxc4 Nd7 8. Nge2 Nb6 9. Ba2 Ned5 10. O-O Be7 11. Ng3 Bg6 12. Nce4 O-O 13. Re1 a5 14. h3 a4 15. Bd2 Nd7 16. Rc1 Qb6 17. Qc2 Qxd4 18. Bc3 Nxc3 19. Qxc3 Qxc3 20. Nxc3 Nb6 21. Nge2 Rfd8 22. Red1 Nd5 23. Kf1 h6 24. g3 Bh5 25. g4 Bg6 26. f4 Ne3+ 27. Kf2 Nxd1+ 28. Nxd1 Bd3 29. Ng1 Bb5 30. Nf3 Rd7 31. Nc3 Bc5+ 32. Kg3 Bb6 33. f5 exf5 34. gxf5 Kf8 35. e6 fxe6 36. fxe6 Rd3 37. Kg2 Ke7 38. Ne5 Rd2+ 39. Kf3 Rf2+ 40. Kg3 Rf6 41. Ng4 Bc7+ 42. Kg2 Rxe6 43. Bxe6 Kxe6 44. Re1+ Kf7 45. Rf1+ Kg8 46. Re1 Rd8 47. Re7 Rd2+ 48. Kf3 Bd8 49. Rxb7 Rxb2 50. Rd7 Bg5 51. Ne4 1-0


[Site "https://www.chess.com"]

[Event "Titled Tuesday Blitz February 21 Late 2023"]
[White "Rottenwohrer Suarez, Juan"]
[Black "Smith, Garrett L"]
[WhiteFideId "32068182"]
[BlackFideId "2024829"]
[WhiteElo "2265"]
[BlackElo "2047"]
[Result "0-1"]
[Round "09"]
[TimeControl "180+2"]
[Date "2023.02.21"]
[WhiteClock "0:00:02"]
[BlackClock "0:00:13"]

1. Nf3 c5 2. g3 Nc6 3. Bg2 e5 4. c4 d6 5. O-O Be6 6. d3 Nf6 7. Nc3 h6 8. a3 Be7 9. Rb1 a5 10. b3 d5 11. cxd5 Nxd5 12. Nxd5 Bxd5 13. Be3 O-O 14. Qc2 Rc8 15. Qb2 Re8 16. Rfc1 Nd4 17. Bxd4 exd4 18. b4 cxb4 19. Rxc8 Qxc8 20. axb4 Bxb4 21. Qxd4 Ba2 22. Rf1 Rxe2 23. Ne5 Bc5 24. Qd7 Be6 25. Qxc8+ Bxc8 26. Nc4 a4 27. Bf3 Rc2 28. Bd1 Ra2 29. Ne5 Be6 30. Bf3 b5 31. Rb1 Bxf2+ 32. Kh1 Bd4 33. Rxb5 Rb2 34. Ra5 Rb1+ 35. Kg2 Bxe5 36. Rxe5 Rb2+ 37. Kg1 a3 38. Rc5 a2 39. Ra5 Rb1+ 40. Kg2 a1=Q 41. Rxa1 Rxa1 42. Be4 Ra2+ 0-1


[Site "https://www.chess.com"]

[Event "Titled Tuesday Blitz February 21 Late 2023"]
[White "Petrovic, Aleksa"]
[Black "Jenkins, Drake"]
[WhiteFideId "967629"]
[BlackFideId "2022397"]
[WhiteElo "2332"]
[BlackElo "2130"]
[Result "1-0"]
[Round "09"]
[TimeControl "180+2"]
[Date "2023.02.21"]
[WhiteClock "0:00:54"]
[BlackClock "0:00:04"]

1. d4 Nf6 2. c4 c5 3. d5 b5 4. cxb5 a6 5. e3 g6 6. Nc3 Bg7 7. e4 d6 8. a4 O-O 9. Nf3 e6 10. dxe6 Bxe6 11. Be2 axb5 12. Bxb5 d5 13. exd5 Nxd5 14. Nxd5 Qxd5 15. Qxd5 Bxd5 16. O-O Na6 17. Rd1 Bb3 18. Rd7 Nb4 19. Bd2 Nc2 20. Rc1 Nd4 21. Nxd4 Bxd4 22. a5 Be6 23. Rb7 Bxb2 24. Rxc5 Rfd8 25. Rc2 Bg7 26. h4 Bb3 27. Rc3 Bxc3 28. Bxc3 Bd5 29. Re7 Rdc8 30. Re3 1-0


[Site "https://www.chess.com"]

[Event "Titled Tuesday Blitz February 21 Late 2023"]
[White "Curtis, John"]
[Black "CheckBits"]
[WhiteFideId "3200256"]
[WhiteElo "2292"]
[BlackElo "2452"]
[Result "1/2-1/2"]
[Round "09"]
[TimeControl "180+2"]
[Date "2023.02.21"]
[WhiteClock "0:00:55"]
[BlackClock "0:00:07"]

1. d4 Nf6 2. Bg5 Ne4 3. Bf4 d5 4. Nd2 Bf5 5. Nxe4 Bxe4 6. Qd2 e6 7. e3 c5 8. c3 Qb6 9. Bxb8 Rxb8 10. Nf3 Bd6 11. Be2 O-O 12. O-O Rfc8 13. a3 c4 14. Ng5 Bg6 15. f4 Qd8 16. Nf3 b5 17. Ne5 a5 18. Nxg6 hxg6 19. Bf3 b4 20. axb4 axb4 21. e4 dxe4 22. Bxe4 bxc3 23. bxc3 Rb3 24. g3 Rcb8 25. Ra2 Qb6 26. Rc2 Qa5 27. Kg2 Be7 28. Rd1 Bf6 29. d5 Bxc3 30. Qe2 exd5 31. Rxd5 Qb4 32. Qd1 Rb2 33. Rd8+ Rxd8 34. Qxd8+ Kh7 35. Qd1 Rb1 36. Qh5+ Kg8 37. Qd5 Rb2 38. Qd8+ Kh7 39. Qh4+ Kg8 40. Qd8+ 1/2-1/2


[Site "https://www.chess.com"]

[Event "Titled Tuesday Blitz February 21 Late 2023"]
[White "Seletsky, Grigory"]
[Black "Matsuura, Frederico"]
[WhiteFideId "14112191"]
[BlackFideId "2107848"]
[WhiteElo "2259"]
[BlackElo "2244"]
[Result "0-1"]
[Round "09"]
[TimeControl "180+2"]
[Date "2023.02.21"]
[WhiteClock "0:01:06"]
[BlackClock "0:00:54"]

1. e4 e6 2. d3 d5 3. Qe2 dxe4 4. dxe4 e5 5. c3 Nc6 6. Qc2 Bc5 7. Nf3 Nf6 8. Bb5 O-O 9. O-O Bd7 10. Bg5 h6 11. Bh4 Be7 12. Nbd2 Nh5 13. Bg3 Nxg3 14. hxg3 Nd4 15. Nxd4 exd4 16. Bxd7 Qxd7 17. cxd4 Qxd4 18. Nf3 Qb6 19. Rac1 c6 20. Ne5 Rad8 21. Rfd1 Qc7 22. Nd3 Rd4 23. f3 Rfd8 24. g4 Bg5 25. Rb1 Be3+ 26. Kf1 Qh2 27. Nf2 Rd2 28. Rxd2 Rxd2 29. Qxd2 Bxd2 30. Ke2 Qxg2 31. Rd1 Bg5 32. Rf1 Bh4 33. a4 Kf8 34. b4 Bxf2 35. Rxf2 Qg3 36. Ke3 Ke7 37. b5 cxb5 38. axb5 a5 39. bxa6 bxa6 40. Ra2 a5 41. Rxa5 Qe1+ 42. Kf4 Qxa5 43. e5 Qd5 44. Kf5 g6+ 45. Kf4 g5+ 46. Kg3 Qxe5+ 47. Kh3 Qf4 48. Kg2 Ke6 49. Kf2 Ke5 50. Ke2 Qg3 51. Ke3 f5 52. gxf5 g4 53. Ke2 Qxf3+ 54. Ke1 Qg2 55. f6 Ke4 56. f7 Ke3 0-1


[Site "https://www.chess.com"]

[Event "Titled Tuesday Blitz February 21 Late 2023"]
[White "Chernomordik, Pavel"]
[Black "Winkels, Marcel"]
[WhiteFideId "2804530"]
[BlackFideId "1003887"]
[WhiteElo "2150"]
[BlackElo "1960"]
[Result "1-0"]
[Round "09"]
[TimeControl "180+2"]
[Date "2023.02.21"]
[WhiteClock "0:00:19"]
[BlackClock "0:00:13"]

1. e4 c6 2. Nc3 Na6 3. Nf3 d5 4. d4 Nf6 5. e5 Ne4 6. Nxe4 dxe4 7. Ng5 Bf5 8. g4 Bg6 9. e6 f6 10. Nf7 Bxf7 11. exf7+ Kxf7 12. Bc4+ e6 13. c3 Bd6 14. Qe2 Qc7 15. Qxe4 Rae8 16. Be3 b5 17. Bb3 b4 18. c4 Qd7 19. c5 Bb8 20. f4 Nc7 21. O-O-O Nd5 22. Bd2 a5 23. Rde1 Qa7 24. f5 Qd7 25. Qf3 exf5 26. gxf5 Rxe1+ 27. Rxe1 Re8 28. Qh5+ Kf8 29. Rxe8+ Qxe8 30. Qxh7 Bf4 31. Qh8+ Ke7 32. Qxe8+ Kxe8 33. Bxd5 Bxd2+ 34. Kxd2 cxd5 35. Kc2 a4 36. a3 b3+ 37. Kc3 Ke7 38. Kb4 g6 39. fxg6 f5 40. g7 Kf7 41. c6 f4 42. c7 Kxg7 43. c8=Q f3 44. Qg4+ Kf6 45. Qxf3+ Ke6 46. Kxa4 Kd6 47. Kxb3 Kc6 48. h4 Kb5 49. h5 Kc6 50. h6 Kd6 51. h7 Ke6 52. h8=Q Kd6 53. Qe5+ Kc6 54. Qff6+ 1-0


[Site "https://www.chess.com"]

[Event "Titled Tuesday Blitz February 21 Late 2023"]
[White "Adewumi, Tanitoluwa"]
[Black "Kovacs, Klara"]
[WhiteFideId "30966396"]
[BlackFideId "733210"]
[WhiteElo "2283"]
[BlackElo "2121"]
[Result "1-0"]
[Round "09"]
[TimeControl "180+2"]
[Date "2023.02.21"]
[WhiteClock "0:01:57"]
[BlackClock "0:00:56"]

1. e4 e6 2. d4 d5 3. exd5 exd5 4. Nf3 Bd6 5. c4 dxc4 6. Bxc4 Nf6 7. O-O O-O 8. Nc3 Bg4 9. h3 Bh5 10. g4 Bg6 11. Ne5 Nbd7 12. f4 Be4 13. g5 Bxe5 14. fxe5 Bg6 15. gxf6 gxf6 16. exf6 Nb6 17. Bb3 Qd7 18. Qg4 Qc6 19. h4 Nd7 20. Nd5 Kh8 21. Bh6 Rg8 22. Bg7+ Rxg7 23. fxg7+ Kxg7 24. h5 f5 25. Qg5 1-0


[Site "https://www.chess.com"]

[Event "Titled Tuesday Blitz February 21 Late 2023"]
[White "Novikov, Evgenij"]
[Black "Koziol, Kamil"]
[WhiteFideId "4125380"]
[BlackFideId "1161555"]
[WhiteElo "2276"]
[BlackElo "2286"]
[Result "0-1"]
[Round "09"]
[TimeControl "180+2"]
[Date "2023.02.21"]
[WhiteClock "0:00:12"]
[BlackClock "0:00:06"]

1. d4 d5 2. c4 e6 3. cxd5 exd5 4. Nc3 Nf6 5. Bg5 Bb4 6. e3 O-O 7. a3 Be7 8. Bd3 h6 9. Bf4 Bg4 10. Nge2 c5 11. h3 Bxe2 12. Nxe2 Nc6 13. dxc5 Bxc5 14. O-O a5 15. Rc1 b6 16. Bb1 Qe7 17. Ng3 Rad8 18. Nf5 Qe6 19. Re1 Ne4 20. Qg4 g5 21. f3 h5 22. Qxh5 Qxf5 23. fxe4 dxe4 24. Bxg5 Rd5 25. h4 Rd2 26. Rf1 Qe5 27. Qg4 f5 28. Qf4 Qd5 29. b4 Bd6 30. Qf2 Rxf2 31. Rxf2 Kg7 32. bxa5 bxa5 33. Ba2 Qe5 34. Bf4 Qe7 35. Rxc6 Bxf4 36. Rxf4 Rd8 37. Rc1 Qxa3 38. Ra1 Qxe3+ 39. Rf2 Rd2 40. Rf1 Rxa2 41. h5 Rxf2 42. h6+ Kxh6 43. Rxf2 a4 44. g3 a3 45. Kg2 Qxf2+ 46. Kxf2 a2 47. Ke3 a1=Q 48. Kf4 Qf6 0-1


[Site "https://www.chess.com"]

[Event "Titled Tuesday Blitz February 21 Late 2023"]
[White "Kostiukov, Alexandr"]
[Black "Berezin, Viktor"]
[WhiteFideId "14108100"]
[BlackFideId "14107872"]
[WhiteElo "2271"]
[BlackElo "2307"]
[Result "0-1"]
[Round "09"]
[TimeControl "180+2"]
[Date "2023.02.21"]
[WhiteClock "0:00:12"]
[BlackClock "0:00:28"]

1. g3 g6 2. Bg2 Bg7 3. c4 Nf6 4. Nf3 O-O 5. O-O d6 6. d4 Nc6 7. Nc3 a6 8. d5 Na5 9. Qd3 c5 10. Bg5 Rb8 11. a4 h6 12. Bxf6 Bxf6 13. e4 Bg7 14. Rfe1 Nb3 15. Rad1 Nd4 16. Nxd4 Bxd4 17. Re2 Bg4 18. Bf3 Bxf3 19. Qxf3 e5 20. g4 Kh7 21. Red2 Qg5 22. Ne2 f5 23. Nxd4 cxd4 24. h3 fxe4 25. Qxe4 Rf4 26. Qg2 Rbf8 27. b4 e4 28. Rxd4 Rxf2 29. Qxe4 Qh4 30. R4d3 Rc2 31. Qe6 Qf2+ 0-1


[Site "https://www.chess.com"]

[Event "Titled Tuesday Blitz February 21 Late 2023"]
[White "Toncheva, Nadya"]
[Black "Lucassen, Mickey"]
[WhiteFideId "2924056"]
[BlackFideId "12919110"]
[WhiteElo "2295"]
[BlackElo "2023"]
[Result "0-1"]
[Round "09"]
[TimeControl "180+2"]
[Date "2023.02.21"]
[WhiteClock "0:00:02"]
[BlackClock "0:00:05"]

1. d4 Nf6 2. c4 g6 3. Nc3 d5 4. Qb3 dxc4 5. Qxc4 Be6 6. Qb5+ Bd7 7. Qxb7 Nc6 8. e3 Rb8 9. Qa6 Nb4 10. Qe2 Bg7 11. a3 Nc6 12. Nf3 O-O 13. g3 Bf5 14. Bg2 e5 15. Nh4 Bg4 16. Qc2 Na5 17. dxe5 Nd7 18. f4 Nb3 19. Rb1 Ndc5 20. O-O Qd3 21. Be4 Qc4 22. Bd5 Qa6 23. Bd2 Rfd8 24. Bxb3 Nxb3 25. Be1 Bf8 26. f5 Bc5 27. Qe4 Bh3 28. Rf2 g5 29. f6 gxh4 30. Qxh4 Bxe3 31. Qxh3 Bxf2+ 32. Bxf2 Kh8 33. Be3 Qd3 34. Qh6 Rg8 35. Rd1 Qf5 36. Bf4 Nd4 37. Rxd4 Qc2 38. Rd1 Rxb2 39. Rd2 Qc1+ 40. Kg2 Qxc3 41. Rxb2 Qxb2+ 42. Kh3 Qb7 43. Qh5 Qc8+ 44. Kh4 Qe6 45. g4 Qd5 46. h3 Qf3 47. Qf5 Qd5 48. Qh5 Qe6 49. Bg3 Rg6 50. g5 Qf5 51. Qd1 Qxg5# 0-1


[Site "https://www.chess.com"]

[Event "Titled Tuesday Blitz February 21 Late 2023"]
[White "Vega Gutierrez, Sabrina"]
[Black "Stachanczyk, Jacek"]
[WhiteFideId "2219026"]
[BlackFideId "1116657"]
[WhiteElo "2377"]
[BlackElo "2147"]
[Result "1-0"]
[Round "09"]
[TimeControl "180+2"]
[Date "2023.02.21"]
[WhiteClock "0:00:23"]
[BlackClock "0:00:21"]

1. e4 c5 2. Nf3 d6 3. d4 cxd4 4. Qxd4 Nc6 5. Bb5 Bd7 6. Bxc6 Bxc6 7. Nc3 e5 8. Qd3 h6 9. Nd2 Nf6 10. Nc4 b5 11. Ne3 b4 12. Ncd5 Nxd5 13. Nxd5 Qa5 14. Bd2 Bxd5 15. exd5 Be7 16. a3 Rb8 17. O-O O-O 18. axb4 Qc7 19. Be3 Rxb4 20. Rxa7 Qd8 21. b3 Bg5 22. Rfa1 Bxe3 23. fxe3 Qg5 24. Ra8 g6 25. Rxf8+ Kxf8 26. Ra7 Rg4 27. Qe2 Re4 28. Qf2 f5 29. Rd7 Rxe3 30. h4 Qg3 31. Qxg3 Rxg3 32. Rxd6 Rc3 33. Rc6 1-0


[Site "https://www.chess.com"]

[Event "Titled Tuesday Blitz February 21 Late 2023"]
[White "Vaglio Munoz, Jaime"]
[Black "Hajiyev, Kanan"]
[WhiteFideId "6500145"]
[BlackFideId "13404148"]
[WhiteElo "2174"]
[BlackElo "2197"]
[Result "0-1"]
[Round "09"]
[TimeControl "180+2"]
[Date "2023.02.21"]
[WhiteClock "0:00:02"]
[BlackClock "0:00:36"]

1. Nf3 Nf6 2. g3 d5 3. b3 g6 4. Bb2 Bg7 5. Bg2 Nh5 6. Bxg7 Nxg7 7. O-O O-O 8. Qc1 c5 9. Qb2 Nc6 10. c4 d4 11. e3 e5 12. exd4 exd4 13. d3 Bf5 14. Rd1 Nb4 15. Ne1 Re8 16. Bf1 Qe7 17. a3 Qxe1 18. Rxe1 Rxe1 19. axb4 Bh3 20. Nd2 Rae8 21. Nf3 R8e2 22. Qxe2 Rxa1 23. Nd2 cxb4 24. f3 Nf5 25. Kf2 Ne3 26. Bxh3 Nd1+ 27. Kg2 Ne3+ 28. Kf2 Nd1+ 29. Qxd1 Rxd1 30. Ne4 Rxd3 31. c5 Rxb3 32. Bc8 Rb2+ 33. Ke1 b6 34. c6 Rc2 35. Bd7 b3 36. Nd2 b2 37. Kd1 d3 38. c7 Rxc7 39. Nb3 b1=Q+ 40. Kd2 Qxb3 41. Ke3 d2+ 0-1


[Site "https://www.chess.com"]

[Event "Titled Tuesday Blitz February 21 Late 2023"]
[White "Figorito, Nick"]
[Black "Buscar, Michael"]
[WhiteFideId "30923689"]
[BlackFideId "2603616"]
[WhiteElo "2036"]
[BlackElo "2041"]
[Result "1/2-1/2"]
[Round "09"]
[TimeControl "180+2"]
[Date "2023.02.21"]
[WhiteClock "0:00:49"]
[BlackClock "0:00:17"]

1. Nf3 Nf6 2. g3 d5 3. Bg2 e6 4. O-O Be7 5. d4 O-O 6. c4 c5 7. cxd5 exd5 8. dxc5 Bxc5 9. Bg5 Nc6 10. Nc3 Be7 11. Rc1 Be6 12. Nd4 Nxd4 13. Qxd4 Qb6 14. Qxb6 axb6 15. a3 Rfd8 16. Nb5 h6 17. Be3 Nd7 18. Nc7 Rac8 19. Nxd5 Bc5 20. Bxc5 bxc5 21. Ne7+ Kf8 22. Nxc8 Rxc8 23. Bxb7 Rb8 24. Bc6 Rxb2 25. Bxd7 Bxd7 26. Rfe1 Ra2 27. Rxc5 Rxa3 28. Kg2 g6 29. Rc7 Be6 30. f3 h5 31. h4 Kg7 32. Kf2 Ra2 33. Rd1 Kf6 34. Rd4 Ra1 35. Rf4+ Kg7 36. Re4 Kf6 37. g4 hxg4 38. fxg4 Rh1 39. g5+ Kf5 40. Rb4 Ke5 41. Ke3 Rh3+ 42. Kd2 Rh2 43. Rc5+ Kd6 44. Rc3 Ke5 45. Re3+ Kd6 46. Rd4+ Ke7 47. Rf4 Kd6 48. Rf6 Ke7 49. Rexe6+ fxe6 50. Rxg6 Rxh4 51. Ke3 Rg4 52. Kf3 Rg1 53. Kf4 Rf1+ 54. Ke4 Kf7 55. Rh6 Rg1 56. Kf4 Rf1+ 57. Ke3 Rf5 58. Rh5 Kg6 59. Rh6+ Kf7 60. g6+ Kg7 61. Rh7+ Kxg6 62. Ra7 Kf6 63. Ke4 Re5+ 64. Kf4 Rb5 65. Ra6 Rb4+ 66. e4 Rc4 67. Ke3 Ke5 68. Ra5+ Kf6 69. Kd3 Rb4 70. e5+ Kf5 71. Ke3 Re4+ 72. Kf3 Rxe5 73. Ra8 Rb5 74. Rf8+ Ke5 75. Re8 Rb3+ 76. Ke2 Kf5 77. Rf8+ Ke4 78. Re8 e5 79. Kd2 Rh3 80. Kc2 Rh2+ 81. Kc3 Kf4 82. Kd3 Rh3+ 83. Ke2 Rh2+ 84. Kd3 Rh7 85. Rf8+ Kg5 86. Ke4 Re7 87. Rf5+ Kg6 88. Rxe5 Rxe5+ 89. Kxe5 1/2-1/2


[Site "https://www.chess.com"]

[Event "Titled Tuesday Blitz February 21 Late 2023"]
[White "Meunier-Pion, Jean"]
[Black "Mendez Machado, Andre"]
[WhiteFideId "20685327"]
[BlackFideId "6603793"]
[WhiteElo "2215"]
[BlackElo "1974"]
[Result "1-0"]
[Round "09"]
[TimeControl "180+2"]
[Date "2023.02.21"]
[WhiteClock "0:00:04"]
[BlackClock "0:00:01"]

1. e4 e5 2. Nf3 Nc6 3. Bb5 a6 4. Ba4 Nf6 5. d3 b5 6. Bb3 Bc5 7. O-O O-O 8. a4 Bb7 9. c3 d6 10. Bg5 h6 11. Bh4 Bb6 12. Nbd2 g5 13. Nxg5 hxg5 14. Bxg5 Kg7 15. Qf3 Bc8 16. axb5 Na5 17. Bd5 Ra7 18. b4 Nb7 19. bxa6 Nc5 20. bxc5 Bxc5 21. d4 exd4 22. e5 dxe5 23. Ne4 Be7 24. Bxf6+ Bxf6 25. Qg3+ Kh8 26. cxd4 exd4 27. Ra5 Bg7 28. Bc6 f5 29. Ng5 Qf6 30. Qh4+ Bh6 31. Nf3 Qxc6 32. Rc5 Qf6 33. Qh5 Kg7 34. Rfc1 Rf7 35. h4 Qg6 36. Qxg6+ Kxg6 37. Ne5+ Kf6 38. Rc6+ Kxe5 39. Rxh6 1-0


[Site "https://www.chess.com"]

[Event "Titled Tuesday Blitz February 21 Late 2023"]
[White "Stanisz, Patryk"]
[Black "Kalajzic, Ivan"]
[WhiteFideId "1123106"]
[BlackFideId "14506378"]
[WhiteElo "2161"]
[BlackElo "2062"]
[Result "0-1"]
[Round "09"]
[TimeControl "180+2"]
[Date "2023.02.21"]
[WhiteClock "0:00:02"]
[BlackClock "0:00:17"]

1. e4 Nc6 2. Nf3 d6 3. g3 g6 4. Bg2 Bg7 5. O-O e5 6. c3 Nf6 7. d4 O-O 8. Nbd2 Re8 9. d5 Ne7 10. c4 h6 11. Qc2 g5 12. c5 Ng6 13. Nb3 g4 14. Nfd2 b6 15. cxd6 cxd6 16. Nc4 Bf8 17. Be3 Nh7 18. Qd2 Ng5 19. Bxg5 hxg5 20. Rfc1 f5 21. Na3 f4 22. Nb5 Re7 23. Rc6 Rh7 24. Rac1 Bd7 25. a4 Be7 26. Rxd6 Bxd6 27. Nxd6 Bxa4 28. Nf5 Bxb3 29. Rc6 Ne7 30. Rd6 Qf8 31. Nxe7+ Qxe7 32. Re6 Qg7 33. gxf4 gxf4 34. Qb4 g3 35. fxg3 fxg3 36. Qxb3 gxh2+ 37. Kh1 Rf8 38. Qc2 Rf1+ 0-1


[Site "https://www.chess.com"]

[Event "Titled Tuesday Blitz February 21 Late 2023"]
[White "Lerch, Philipp"]
[Black "Leonte, Sebastian-Marian"]
[WhiteFideId "4654129"]
[BlackFideId "1268767"]
[WhiteElo "2305"]
[BlackElo "1279"]
[Result "1-0"]
[Round "09"]
[TimeControl "180+2"]
[Date "2023.02.21"]
[WhiteClock "0:00:01"]
[BlackClock "0:00:02"]

1. e4 e5 2. f4 exf4 3. Nf3 g5 4. Bc4 g4 5. O-O gxf3 6. Qxf3 d5 7. Bxd5 Nf6 8. Qxf4 Bg7 9. Bxf7+ Kxf7 10. e5 Nc6 11. c3 Nxe5 12. Qxe5 Re8 13. Qg3 Qd6 14. Qf2 Kg8 15. d4 Rf8 16. Bf4 Qd5 17. Nd2 Nh5 18. Qe3 Bg4 19. Bxc7 Rae8 20. Be5 Bxe5 21. Qg5+ Ng7 22. Qxg4 Bb8 23. Nf3 Qf5 24. Qh4 Qf4 25. Qf2 Qe3 26. Rae1 Qxf2+ 27. Kxf2 Nh5 28. g3 Nf6 29. Kg2 Ng4 30. Rxe8 Rxe8 31. Re1 Rxe1 32. Nxe1 Kf7 33. Kf3 Nxh2+ 34. Ke4 Ng4 35. Kf3 Nf6 36. g4 Kg6 37. Nd3 Kg5 38. Nf2 Bd6 39. c4 Bb4 40. a3 Bd2 41. b4 Bc1 42. a4 Bd2 43. b5 a5 44. bxa6 bxa6 45. c5 Bc3 46. Ke3 1-0


[Site "https://www.chess.com"]

[Event "Titled Tuesday Blitz February 21 Late 2023"]
[White "Chemin, Justo Reinaldo"]
[Black "Rian, Kapriaga"]
[WhiteFideId "2101580"]
[BlackFideId "7103263"]
[WhiteElo "2040"]
[BlackElo "2089"]
[Result "1-0"]
[Round "09"]
[TimeControl "180+2"]
[Date "2023.02.21"]
[WhiteClock "0:00:20"]
[BlackClock "0:00:01"]

1. d4 Nf6 2. Nf3 d5 3. Bf4 e6 4. e3 Bd6 5. Bd3 O-O 6. Nbd2 c5 7. c3 Qc7 8. Bg3 Nbd7 9. Qe2 e5 10. dxe5 Nxe5 11. Nxe5 Bxe5 12. Nf3 Bd6 13. O-O Bg4 14. Rac1 Rfe8 15. Qc2 Rad8 16. Bf5 Bxg3 17. hxg3 Rd6 18. Rcd1 b5 19. Rfe1 a5 20. Bxg4 Nxg4 21. Rd2 Qe7 22. Qf5 Nf6 23. Red1 g6 24. Qg5 Kg7 25. Nh4 Qe6 26. Qf4 b4 27. Nf3 Red8 28. Ng5 Qe7 29. Qh4 h6 30. Nf3 Qe6 31. Qf4 Qe4 32. Qxe4 Nxe4 33. Re2 Nf6 34. cxb4 axb4 35. Rc2 c4 36. Rdc1 1-0


[Site "https://www.chess.com"]

[Event "Titled Tuesday Blitz February 21 Late 2023"]
[White "Kielinkei"]
[Black "Sailer, Mike"]
[BlackFideId "2012901"]
[WhiteElo "2387"]
[BlackElo "2109"]
[Result "1-0"]
[Round "09"]
[TimeControl "180+2"]
[Date "2023.02.21"]
[WhiteClock "0:00:37"]
[BlackClock "0:00:05"]

1. d4 d5 2. c4 Bf5 3. cxd5 Bxb1 4. Rxb1 Qxd5 5. Qa4+ Nc6 6. Nf3 O-O-O 7. e3 e5 8. Be2 Bb4+ 9. Bd2 Bxd2+ 10. Nxd2 Qxg2 11. Bf3 Qg6 12. Bxc6 Qxc6 13. Qxc6 bxc6 14. dxe5 Nh6 15. Rg1 g6 16. Ke2 Rhe8 17. f4 Nf5 18. Ne4 Rd5 19. Rgd1 Red8 20. Rxd5 cxd5 21. Nf6 h5 22. Rd1 d4 23. e4 Ne3 24. Rc1 Kb7 25. Kd3 Ng2 26. Rf1 c5 27. b3 Ne3 28. Rf2 Kc6 29. h3 a5 30. f5 a4 31. e6 gxf5 32. e7 c4+ 33. bxc4 Kc7 34. exd8=Q+ Kxd8 35. Kxd4 1-0


[Site "https://www.chess.com"]

[Event "Titled Tuesday Blitz February 21 Late 2023"]
[White "Avgoustopoulos, Christian"]
[Black "Hoffmann, Asa"]
[WhiteFideId "2122294"]
[BlackFideId "2001470"]
[WhiteElo "1969"]
[BlackElo "2185"]
[Result "1-0"]
[Round "09"]
[TimeControl "180+2"]
[Date "2023.02.21"]
[WhiteClock "0:00:09"]
[BlackClock "0:00:19"]

1. e4 d6 2. d4 Nf6 3. Nc3 c6 4. f3 Nbd7 5. Be3 e5 6. Qd2 Be7 7. O-O-O b5 8. dxe5 dxe5 9. Kb1 Qc7 10. Nge2 Nc5 11. Nc1 Be6 12. Be2 b4 13. Bxc5 bxc3 14. Qxc3 O-O 15. Bxe7 Qxe7 16. Bc4 Rfe8 17. Bxe6 Qxe6 18. Rd3 Red8 19. Rhd1 Rxd3 20. Qxd3 h5 21. Qd6 Qc4 22. Qd3 Qc5 23. Nb3 Qb6 24. a3 a5 25. Qc4 Rb8 26. Qc5 Qa6 27. Qxa5 Qe2 28. Qd2 Qc4 29. Qd3 Qe6 30. Qd6 Qe8 31. Nc5 h4 32. h3 Nh5 33. Qd7 Qf8 34. Qd6 Nf4 35. Qxf8+ Rxf8 36. Rd2 g6 37. Kc1 f5 38. Nd7 Rf7 39. Nxe5 Re7 40. Nxc6 Re6 41. Nd4 Re5 42. exf5 gxf5 43. c3 Re1+ 44. Kc2 Rg1 45. a4 Nxg2 46. a5 Ne3+ 47. Kb3 Ra1 48. Nb5 Rxa5 49. Na3 Ra8 50. c4 Rb8+ 51. Kc3 Ng2 52. Rxg2+ Kf7 53. b4 Kf6 54. Nb5 Ke5 55. Re2+ Kf4 56. Re7 Kxf3 57. Kd4 f4 58. Ke5 Rf8 59. Nd4+ Kg3 60. Re6 f3 61. Rf6 Re8+ 62. Kf5 f2 63. Kg6 Rg8+ 64. Kh5 Kxh3 65. Rxf2 Kg3 66. Ra2 h3 67. Ne2+ Kf3 68. Ng1+ Kg3 69. Nxh3 Kxh3 70. b5 Rc8 71. Rc2 Kg3 72. b6 Kf4 73. c5 Ke5 74. b7 Rb8 75. c6 Kd6 76. c7 Rh8+ 77. Kg6 Rg8+ 78. Kf5 Rf8+ 79. Ke4 Re8+ 80. Kd3 Re7 81. c8=Q Rd7 82. Qxd7+ Kxd7 83. b8=Q Ke6 84. Qb6+ Kd5 85. Rc5# 1-0


[Site "https://www.chess.com"]

[Event "Titled Tuesday Blitz February 21 Late 2023"]
[White "Davidson, Kevin"]
[Black "Torres Dominguez, David"]
[WhiteFideId "2056810"]
[BlackFideId "2220857"]
[WhiteElo "2154"]
[BlackElo "1994"]
[Result "1-0"]
[Round "09"]
[TimeControl "180+2"]
[Date "2023.02.21"]
[WhiteClock "0:01:15"]
[BlackClock "0:01:33"]

1. e4 Nc6 2. Nf3 e5 3. Bb5 Nge7 4. d4 exd4 5. Nxd4 g6 6. Nxc6 Nxc6 7. Bxc6 bxc6 8. Qd4 f6 9. b3 Bg7 10. Bb2 O-O 11. Nd2 Kh8 12. O-O-O d6 13. h4 c5 14. Qd3 a5 15. h5 Ba6 16. Qh3 gxh5 17. Qxh5 h6 18. Qg6 Qe8 19. Rxh6+ Bxh6 20. Qxh6+ Kg8 21. Bxf6 Rxf6 22. Qxf6 Qe5 23. Qxe5 dxe5 24. Nf3 Be2 25. Rd5 Bxf3 26. gxf3 Rf8 27. Rxe5 Rxf3 28. Rxc5 Rxf2 29. Rxc7 Re2 30. Ra7 1-0


[Site "https://www.chess.com"]

[Event "Titled Tuesday Blitz February 21 Late 2023"]
[White "Pinheiro, Iung Alicio de O."]
[Black "Arvelo Leo, Gian Carlo"]
[WhiteFideId "2104350"]
[BlackFideId "6402720"]
[WhiteElo "2306"]
[BlackElo "2075"]
[Result "1-0"]
[Round "09"]
[TimeControl "180+2"]
[Date "2023.02.21"]
[WhiteClock "0:00:05"]
[BlackClock "0:00:21"]

1. e4 c5 2. Nc3 e6 3. Nf3 Nc6 4. g3 d6 5. Bg2 Nf6 6. O-O Be7 7. d4 cxd4 8. Nxd4 O-O 9. Nxc6 bxc6 10. e5 dxe5 11. Bxc6 Ba6 12. Re1 Rc8 13. Bg2 Qc7 14. a3 Bc5 15. Be3 Rfd8 16. Qf3 Bd4 17. Rad1 Bxc3 18. Rxd8+ Rxd8 19. bxc3 Nd5 20. Bd2 f6 21. Rb1 Nb6 22. Be1 Bc4 23. Qe3 Bd5 24. Bf1 Ba8 25. Bg2 Bxg2 26. Kxg2 Qc6+ 27. Kg1 h6 28. h4 Qd6 29. a4 Qd5 30. Rb5 Qa2 31. a5 Nc4 32. Qxa7 Rd1 33. Rb8+ Kh7 34. Rb7 Rxe1+ 35. Kh2 Kg6 36. Rxg7+ Kf5 37. Qf7 Ke4 38. Qb7+ 1-0


[Site "https://www.chess.com"]

[Event "Titled Tuesday Blitz February 21 Late 2023"]
[White "reevecanada"]
[Black "Clawitter, Craig"]
[BlackFideId "2023105"]
[WhiteElo "2441"]
[BlackElo "2050"]
[Result "1-0"]
[Round "09"]
[TimeControl "180+2"]
[Date "2023.02.21"]
[WhiteClock "0:01:13"]
[BlackClock "0:00:03"]

1. e4 e6 2. Nf3 d5 3. Nc3 Nf6 4. e5 Nfd7 5. d4 c5 6. Bg5 Qb6 7. dxc5 Bxc5 8. Qd2 Nc6 9. Bb5 O-O 10. O-O Ndxe5 11. Nxe5 Nxe5 12. Be2 Bd7 13. h4 Rac8 14. a3 Bd4 15. h5 h6 16. Bxh6 gxh6 17. Qxh6 f5 18. Qg5+ Kh7 19. h6 Rf7 20. Bh5 Rg8 21. Qf4 Ng6 22. Qd2 Bxc3 23. bxc3 Rf6 24. Rab1 Qc7 25. Qd4 Nf4 26. Qxf6 Nxh5 27. Qh4 Nf4 28. g3 Ne2+ 29. Kg2 Nxc3 30. Qe7+ Kh8 31. h7 Rg7 32. Qf8+ Kxh7 33. Rh1+ Kg6 34. Rb4 Bc6 35. Rbh4 d4+ 36. f3 Bxf3+ 37. Kxf3 Qc6+ 38. Kf2 Ne4+ 39. Kg1 1-0


[Site "https://www.chess.com"]